 Dungeon Crawl Stone Soup version 0.25-a0-578-gc91f01c39c (webtiles) character file.

Game seed: 9286060849530059620, levelgen mode: deterministic

3868 Flugslaktarn the Cleaver (level 9, 0/85 HPs)
             Began as a Deep Dwarf Fighter on Mar 4, 2020.
             Slain by a killer bee (4 damage)
             ... on level 8 of the Dungeon.
             The game lasted 00:03:25 (3816 turns).

Flugslaktarn the Cleaver (Deep Dwarf Fighter)       Turns: 3816, Time: 00:03:25

Health: 0/85       AC:  8    Str: 22    XL:     9   Next: 99%
Magic:  0/1        EV:  8    Int: 10    God:
Gold:   311        SH: 16    Dex: 12    Spells: 8/8 levels left

rFire    . . .     SeeInvis .   j - +1 hand axe (flame)
rCold    . . .     Gourm    .   c - +1 kite shield
rNeg     . . .     Faith    .   b - +0 scale mail
rPois    .         Spirit   .   (no helmet)
rElec    .         Reflect  +   (no cloak)
rCorr    .         Harm     .   (no gloves)
MR       ++...                  (no boots)
Stlth    ..........             k - +4 amulet of reflection
HPRegen  0.00/turn              (no ring)
MPRegen  0.07/turn              m - ring of protection from magic

@: mighty, lethally poisoned (0 -> -21), non-regenerating, hasted, very quick
A: damage resistance, heal wounds, sense surroundings 2, no regeneration
a: Heal Wounds


You were on level 8 of the Dungeon.
You were not hungry.

You visited 2 branches of the dungeon, and saw 9 of its levels.
You also visited: Ossuary.

You collected 311 gold pieces.

Inventory:

Hand Weapons
 a - a +0 war axe
 j - a +1 hand axe of flaming (weapon)
   (You took it off an orc priest on level 4 of the Dungeon)
Missiles
 y - 3 throwing nets (quivered)
Armour
 b - a +0 scale mail (worn)
 c - a +1 kite shield (worn)
Jewellery
 g - an uncursed amulet of rage
   (You found it on level 1 of the Dungeon)
 k - a +4 amulet of reflection (around neck)
   (You found it on level 2 of the Dungeon)
 m - a ring of protection from magic (right hand)
   (You found it on level 2 of the Dungeon)
 n - an uncursed amulet of harm
   (You found it on level 2 of the Dungeon)
Wands
 v - a wand of digging (6)
   (You took it off Edmund on level 5 of the Dungeon)
Scrolls
 l - a scroll of magic mapping {unknown}
 x - 3 scrolls of remove curse
Potions
 d - a potion of might
 f - a potion of stabbing {unknown}
 o - a potion of berserk rage {unknown}
 q - 3 potions of curing
 t - a potion of heal wounds {unknown}
 u - 2 potions of lignification {unknown}
 z - a potion of mutation {unknown}
 C - a potion of brilliance {unknown}
 D - a potion of resistance {unknown}
Comestibles
 e - 8 rations


   Skills:
 - Level 6.5 Fighting
 - Level 10.1 Axes
 - Level 7.7 Armour
 - Level 7.7 Shields
 + Level 1.8 Evocations


You had 8 spell levels left.
You didn't know any spells.
Your spell library was empty.

Dungeon Overview and Level Annotations

Branches:
Dungeon (8/15)             Temple (1/1) D:7         Ossuary (visited)
   Lair: D:8-11

Altars:
Ashenzari
Cheibriados
Dithmenos
Elyvilon
Fedhas
Gozag
Kikubaaqudgha
Nemelex Xobeh
Okawaru
Ru
Trog
Vehumet
Wu Jian
Xom
Yredelemnul
Zin
The Shining One


Innate Abilities, Weirdness & Mutations

You are resistant to damage.
You can heal yourself by infusing magical energy.
You passively map the area around you.
You do not regenerate.


Message History

* * * LOW HITPOINT WARNING * * *
You are more poisoned.
The killer bee poisons you! The killer bee stings you!
* * * LOW HITPOINT WARNING * * *
You feel very mighty all of a sudden.
* * * LOW HITPOINT WARNING * * *
You feel sick. You block the killer bee's attack. The killer bee stings you.
* * * LOW HITPOINT WARNING * * *
You are more poisoned.
The killer bee poisons you!
The two-headed ogre hits you with a +0 giant club.
* * * LOW HITPOINT WARNING * * *
The two-headed ogre barely misses you. The killer bee stings you!
* * * LOW HITPOINT WARNING * * *
You block the killer bee's attack.
An orc comes into view. It is wielding a +0 hand axe.
An orc wizard comes into view. It is wielding a +0 dagger.
* * * LOW HITPOINT WARNING * * *
You feel sick. The killer bee stings you.
You die...

#### ** *...##
###....##.,*
#........,,* *
###......# , * ##
#.#......#.. ,
##..#........... *
##....<..@..##..
,?......)yyy......., *
,,
*........yO........,,*
, ..#......o........,
* . #...............,
* , , ,
...##......####.. *
....,#...o..# ., ...
.%...o.# * * * ,
#..oo...# ,,*


You could see a two-headed ogre, 4 killer bees, an orc priest, an orc wizard and
an orc.

Vanquished Creatures
  Harold (D:7)
  Pikel (D:7)
  A hippogriff (D:7)
  Menkaure (D:5)
  Edmund (D:5)
  2 water moccasins
  An ice beast (D:5)
  2 phantoms
  2 centaurs
  3 ogres
  2 elf zombies (Ossuary)
  2 bullfrogs (D:6)
  2 scorpions
  A killer bee (D:8)
  2 howler monkeys (D:7)
  A bullfrog zombie (D:5)
  2 crimson imps
  A human zombie (Ossuary)
  A centaur zombie (Ossuary)
  3 hounds
  5 orc priests
  2 bullfrog skeletons (D:5)
  5 orc wizards
  An iguana (D:7)
  A worker ant (D:6)
  3 big kobold zombies (Ossuary)
  A hound zombie (Ossuary)
  A hound skeleton (D:5)
  3 mummies (Ossuary)
  A worker ant zombie (D:7)
  3 gnolls (D:5)
  4 adders
  A shadow imp (D:7)
  An ooze (D:7)
  3 adder zombies
  An adder skeleton (D:4)
  2 worms
  A dart slug (D:2)
  3 leopard geckos
  21 orcs
  A ball python (D:5)
  2 bats
  2 giant cockroaches
  3 hobgoblins
  7 jackals
  5 kobolds (D:2)
  7 quokkas
  A frilled lizard (D:2)
  A goblin (D:1)
  2 goblin zombies (Ossuary)
  6 hobgoblin zombies (Ossuary)
  3 jackal zombies (Ossuary)
  3 kobold zombies (Ossuary)
  2 leopard gecko skeletons (D:5)
  2 orc zombies (Ossuary)
  A quokka skeleton (D:6)
  3 quokka zombies (Ossuary)
  3 rat zombies (Ossuary)
149 creatures vanquished.

Notes
Turn   | Place    | Note
-------+----------+-------------------------------------------
     0 | D:1      | Flugslaktarn the Deep Dwarf Fighter began the quest for the
                  | Orb.
     0 | D:1      | Reached XP level 1. HP: 20/20 MP: 1/1
   102 | D:2      | Reached XP level 2. HP: 16/27 MP: 2/2
   129 | D:2      | Reached skill level 3 in Axes
   138 | D:2      | Reached XP level 3. HP: 33/33 MP: 3/3
   154 | D:2      | Found a blossoming altar of Fedhas.
   228 | D:2      | Found a bloodstained altar of Trog.
   285 | D:4      | Noticed a scorpion
   293 | D:4      | Killed a scorpion
   293 | D:4      | Reached XP level 4. HP: 29/42 MP: 4/4
   294 | D:4      | Noticed a phantom
   330 | D:4      | Killed a phantom
   330 | D:4      | Reached skill level 4 in Axes
   330 | D:4      | Reached XP level 5. HP: 40/49 MP: 4/4
   387 | D:4      | Found an opulent altar of Gozag.
   435 | D:4      | Reached XP level 6. HP: 30/56 MP: 5/5
   435 | D:4      | Found a sparkling altar of Nemelex Xobeh.
   510 | D:4      | Found a shimmering altar of Xom.
   524 | D:4      | Reached skill level 5 in Axes
   733 | D:4      | Reached XP level 7. HP: 31/64 MP: 6/6
  1071 | D:5      | Entered Level 5 of the Dungeon
  1079 | D:5      | Reached skill level 5 in Armour
  1079 | D:5      | Reached skill level 5 in Shields
  1094 | D:5      | Noticed Edmund
  1117 | D:5      | Killed Edmund
  1117 | D:5      | Reached skill level 6 in Axes
  1189 | D:5      | Found a sand-covered staircase.
  1198 | Ossuary  | Entered an ossuary
  1408 | Ossuary  | Reached XP level 8. HP: 37/73 MP: 5/5
  1478 | Ossuary  | Reached skill level 7 in Axes
  1640 | D:5      | Reached skill level 5 in Fighting
  1645 | D:5      | Noticed Menkaure
  1661 | D:5      | Killed Menkaure
  2066 | D:6      | Found a sacrificial altar of Ru.
  2127 | D:6      | Reached skill level 8 in Axes
  2396 | D:6      | Gained mutation: You passively map the area around you.
                  | [Deep Dwarf growth]
  2396 | D:6      | Reached XP level 9. HP: 50/81 MP: 2/2
  2943 | D:7      | Found a staircase to the Ecumenical Temple.
  2990 | Temple   | Entered the Ecumenical Temple
  3258 | D:7      | Found a glowing golden altar of the Shining One.
  3268 | D:7      | Reached skill level 9 in Axes
  3395 | D:7      | Noticed Harold
  3424 | D:7      | Killed Harold
  3629 | D:7      | Noticed Pikel
  3650 | D:7      | Killed Pikel
  3650 | D:7      | Reached skill level 10 in Axes
  3803 | D:8      | Reached skill level 1 in Evocations
  3805 | D:8      | Noticed a two-headed ogre
  3816 | D:8      | HP: 4/85 [poisoned by a killer bee]
  3816 | D:8      | Slain by a killer bee

Levels and vault maps discovered:
D:1:      tarquinn_simple_flora_water_e, layout_basic
D:2:      layout_basic, bloody_trog, fedhas_altar_4
D:3:      layout_basic, first_ration, minmay_misc_feat_rows, uniq_sigmund
D:4:      layout_loops_cross, lemuel_coloured_pillars_altar,
          grunt_gozag_statues, old_standard_altar
D:5:      layout_rooms, nicolae_ossuary_entry_ruins, uniq_menkaure, uniq_edmund
D:6:      layout_layer_cave, kennysheep_mini, minmay_misc_feat_chi,
          dk_rats_in_the_wall
D:7:      layout_basic, lemuel_crystal_altar, minmay_temple_entry_mini_moons,
          kennysheep_donut, uniq_harold, uniq_pikel
D:8:      layout_cave_pools, makhleb_altar_promises_db, dancing_weapons_uskayaw,
          grunt_pizzeria
Temple:   jpeg_temple_alley_garden

Skill      XL: |  1  2  3  4  5  6  7  8  9 |
---------------+----------------------------+-----
Axes           | 3 4 5 6 8 10 | 10.1
Fighting       | 3 4 5 6 |  6.5
Armour         | 4 5 6 7 |  7.7
Shields        | 4 5 6 7 |  7.7
Evocations     | 1 |  1.8

Action                   |  1- 3 |  4- 6 |  7- 9 || total
-------------------------+-------+-------+-------++-------
Melee: War axe           |    74 |    78 |       ||   152
       Hand axe          |       |    28 |   577 ||   605
 Abil: Heal Wounds       |     1 |     7 |    25 ||    33
  Use: Scroll            |       |       |    10 ||    10
       Potion            |       |       |     2 ||     2
 Stab: Held in net/web   |       |       |     1 ||     1
  Eat: Chunk             |       |       |     5 ||     5
       Ration            |       |       |     2 ||     2
Armor: Scale mail        |    47 |    45 |   155 ||   247
Dodge: Dodged            |    29 |    26 |   131 ||   186
Block: Kite shield       |    53 |    63 |   289 ||   405
       Reflection        |       |       |     2 ||     2

Table legend:
 A = Non-vault XP
 B = Vault XP
 C = Vault XP percentage of total XP
 D = Non-vault monster count
 E = Vault monster count
 F = Vault count percentage of total count
                 A         B        C        D         E       F
            +---------+---------+-------+---------+---------+-------
      Total |    3136 |    2390 |  43.3 |     110 |      39 |  26.2
            +---------+---------+-------+---------+---------+-------
        D:1 |       3 |       0 |   0.0 |       2 |       0 |   0.0
        D:2 |      55 |       0 |   0.0 |      15 |       0 |   0.0
        D:3 |       5 |       0 |   0.0 |       3 |       0 |   0.0
        D:4 |     714 |       0 |   0.0 |      28 |       0 |   0.0
        D:5 |     671 |     330 |  33.0 |      22 |       2 |   8.3
        D:6 |     707 |       0 |   0.0 |      18 |       0 |   0.0
        D:7 |     806 |    1585 |  66.3 |      19 |       2 |   9.5
        D:8 |     175 |       0 |   0.0 |       3 |       0 |   0.0
    Ossuary |       0 |     475 | 100.0 |       0 |      35 | 100.0
            +---------+---------+-------+---------+---------+-------
